 Dungeon Crawl Stone Soup version 0.31-a0-40-g1d5085d191 (webtiles) character file.

Game seed: 5121902509911917729

39 pk666 the Firebug (level 3, 0/19 HPs)
             Began as a Deep Elf Fire Elementalist on May 18, 2023.
             Killed by divine providence
             ... invoked by an orc priest
              (14 damage)
             ... on level 2 of the Dungeon.
             The game lasted 00:01:32 (1838 turns).

pk666 the Firebug (Deep Elf Fire Elementalist)      Turns: 1838, Time: 00:01:33

Health: 0/19       AC:  3    Str:  5    XL:     3   Next: 26%
Magic:  1/10       EV: 13    Int: 21    God:
Gold:   39         SH:  0    Dex: 15    Spells: 6/9 levels left

rFire   . . .        (no weapon)
rCold   . . .        (no shield)
rNeg    . . .        a - +0 robe
rPois   .            (no helmet)
rElec   .            (no cloak)
rCorr   .            e - +0 pair of gloves
SInv    .            (no boots)
Will    .....        (no amulet)
Stlth   ++           (no ring)
HPRegen 0.23/turn    (no ring)
MPRegen 0.12/turn

%: no passive effects
@: very slightly contaminated
A: no striking features
a: no special abilities


You were on level 2 of the Dungeon.
You visited 1 branch of the dungeon, and saw 2 of its levels.

You collected 39 gold pieces.

Inventory:

Missiles
 h - a throwing net
Armour
 a - a +0 robe (worn)
 e - a +0 pair of gloves (worn)
Wands
 j - a wand of charming (3)
Scrolls
 d - a scroll of noise {unknown}
 f - a scroll of amnesia {unknown}
 g - 2 scrolls of identify {unknown}
Potions
 b - 2 potions of magic
 c - a potion of curing {unknown}
 i - a potion of mutation {unknown}
 k - a potion of lignification {unknown}


   Skills:
 + Level 3.0 Dodging
 - Level 2.4 Stealth
 + Level 3.6 Spellcasting
 + Level 2.0 Conjurations
 + Level 3.7 Fire Magic


You had 6 spell levels left.
You knew the following spells:

 Your Spells              Type           Power      Damage    Failure   Level
a - Foxfire               Conj/Fire      60%        2x1d7     3%          1
b - Scorch                Fire           38%        2d6       4%          2

Your spell library contained the following spells:

 Spells                   Type           Power      Damage    Failure   Level
 Inner Flame              Hex/Fire       11%        N/A       17%         3
 Volatile Blastmotes      Fire/Tloc      22%        2d11      17%         3
 Flame Wave               Conj/Fire      15%        2d7       36%         4


Dungeon Overview and Level Annotations

Branches:
Dungeon (2/15)

Altars:


Message History

You kill the rat!
Your Conjurations skill increases to level 2!
Your foxfire dissipates!
You see here an adder corpse.
You see here a frilled lizard corpse.
You now have 39 gold pieces (gained 12).
Items here: ( )) ††.
Found a robe.
You see here a +0 robe. 2 orc priests come into view.
Flames lash the orc priest.
The orc priest is moderately wounded.
The orc priest's fire resistance burns away.
You hear a shout!
You hear an angry hiss.
Flames lash the orc priest.
The orc priest is burned terribly!
The orc priest is severely wounded.
You hear a shout!
A quokka comes into view.
An orc comes into view. It is wielding a +0 short sword.
You miscast Scorch.
You are very lightly contaminated with residual magic.
Nothing appears to happen.
The orc priest barely misses you.
An orc comes into view. It is wielding a +0 club.
You miscast Scorch.
Nothing appears to happen.
The orc priest calls upon Beogh to heal the orc priest.
The orc priest is healed somewhat.
The orc priest barely misses you.
Flames lash the orc.
You kill the orc!
The orc priest closely misses you.
The orc priest attacks as you move away!
The orc priest hits you with a +0 whip.
The orc priest is no longer more vulnerable to fire.
A ball python comes into view.
You see here a +0 robe.
The orc priest attacks as you move away!
The orc priest hits you with a +0 whip.
The orc priest invokes the aid of Beogh against you.
Beogh smites you!
Ouch! That really hurt!
You die...

... ... #. #.# ...
#.# ... #.# ..
#.########.#
#..ro..o.S.#
#.o######..)....
#@## .##.### #.# ..
..
#######.###########
#
..........)††.....#
..####....#...##..#
#....#...# #.#
#....##..###.#
.....###......#
..#...# ##.....#


You could see an orc priest, an orc and a quokka.

Vanquished Creatures
  An adder (D:2)
  A dart slug (D:2)
  An orc (D:2)
  2 endoplasms
  A goblin (D:1)
  2 hobgoblins
  2 jackals (D:1)
  4 kobolds
  A quokka (D:1)
  2 ball pythons (D:1)
  2 bats (D:1)
  5 frilled lizards
  4 rats
28 creatures vanquished.

Vanquished Creatures (others)
  118 foxfires
118 creatures vanquished.

Grand Total: 146 creatures vanquished

Notes
Turn   | Place    | Note
-------+----------+-------------------------------------------
     0 | D:1      | pk666 the Deep Elf Fire Elementalist began the quest for
                  | the Orb.
     0 | D:1      | Reached XP level 1. HP: 10/10 MP: 6/6
   379 | D:1      | Found a faded altar of an unknown god.
   578 | D:1      | Reached XP level 2. HP: 15/15 MP: 6/8
   759 | D:1      | Learned a level 2 spell: Scorch
  1756 | D:2      | Reached XP level 3. HP: 19/19 MP: 5/10
  1838 | D:2      | Killed from afar by an orc priest

Illustrated notes

Levels and vault maps discovered:
D:1:      evilmike_arrival_plus, layout_loops_corners,
          hellmonk_ecumenical_altar_crossroads, minmay_quantized
D:2:      minmay_recursive_quarters, layout_basic, st_stairs_10,
          corexii_corridor_pit, hangedman_decor_push

Skill      XL: |  1  2  3 |
---------------+----------+-----
Dodging        | 3 |  3.0
Conjurations   | 2 |  2.0
Stealth        | |  2.4
Spellcasting   | |  3.6
Fire Magic     | |  3.7

Action                     || total
---------------------------++-------
   Cast: Foxfire           ||    78
         Scorch            ||     3
 Armour: Robe              ||     3
  Dodge: Dodged            ||    26

Table legend: (Time is in decaauts)
 A = Elapsed time spent in this place.
 B = Non-inter-level travel time spent in this place.
 C = Inter-level travel time spent in this place.
 D = Time resting spent in this place.
 E = Time spent auto-exploring this place.
 F = Levels seen in this place.
 G = Mean time per level.
                   A        B        C        D        E       F      G
               +--------+--------+--------+--------+--------+-----+--------+
         Total |   1837 |   1798 |     39 |    170 |   1404 |   2 |  918.5 |
       Dungeon |   1837 |   1798 |     39 |    170 |   1404 |   2 |  918.5 |
               +--------+--------+--------+--------+--------+-----+--------+

Top non-repeatable levels by time:
     D:1: 1582 daAuts
     D:2: 255 daAuts
